 Dungeon Crawl Stone Soup version 0.23.2-33-g5129a83184 (webtiles) character file.

Game seed: 8181400545647837411

25 Wilfredo the Grave Robber (level 2, 0/19 HPs)
             Began as a Vampire Necromancer on June 29, 2019.
             Slain by a goblin
             ... wielding a +0 dagger
              (3 damage)
             ... on level 2 of the Dungeon.
             The game lasted 00:07:41 (1446 turns).

Wilfredo the Grave Robber (Vampire Necromancer)     Turns: 1446, Time: 00:07:42

Health: 0/19       AC:  2    Str:  7    XL:     2   Next: 82%
Magic:  5/5        EV: 13    Int: 17    God:
Gold:   50         SH:  0    Dex: 14    Spells: 3/5 levels left

rFire    . . .     SeeInvis +   f - +0 dagger
rCold    . . .     Gourm    .   (no shield)
rNeg     + . .     Faith    .   a - +0 robe
rPois    .         Spirit   .   (no helmet)
rElec    .         Reflect  .   (no cloak)
rCorr    .         Harm     .   (no gloves)
MR       .....                  (no boots)
Stlth    ++........             (no amulet)
HPRegen  0.06/turn              (no ring)
MPRegen  0.09/turn              (no ring)

@: lethally poisoned (0 -> -3)
A: fangs 3, see invisible, unbreathing
a: no special abilities


You were on level 2 of the Dungeon.
You were not thirsty.

You visited 1 branch of the dungeon, and saw 2 of its levels.

You collected 50 gold pieces.

Inventory:

Hand Weapons
 d - a +0 mace
 f - a +0 dagger (weapon)
 i - a +1 dagger of venom
Missiles
 e - 8 stones (quivered)
Armour
 a - a +0 robe (worn)
Scrolls
 b - 2 scrolls of identify {unknown}
Potions
 c - 3 potions of blood
 g - a potion of haste {unknown}
 h - a potion of berserk rage {unknown}


   Skills:
 + Level 0.1 Fighting
 + Level 0.2 Short Blades
 + Level 2.5 Dodging
 + Level 3.1 Stealth
 + Level 2.2 Spellcasting
 + Level 4.9 Necromancy


You had 3 spell levels left.
You knew the following spells:

 Your Spells              Type           Power        Failure   Level  Hunger
a - Pain                  Necr           ###.         2%          1    #......
b - Animate Skeleton      Necr           N/A          2%          1    #......

Your spell library contained the following spells:

 Spells                   Type           Power        Failure   Level  Hunger
 Vampiric Draining        Necr           ###.......   8%          3    ###....
 Regeneration             Chrm/Necr      ##........   21%         3    ###....
 Animate Dead             Necr           N/A          24%         4    #####..


Dungeon Overview and Level Annotations

Branches:
Dungeon (2/15)

Altars:


Innate Abilities, Weirdness & Mutations

You have razor-sharp teeth.
You have supernaturally acute eyesight. (SInv)
You can survive without breathing.


Message History

Your adder skeleton misses the goblin.
The rat barely misses you. The frilled lizard barely misses you.
The goblin hits you with a +0 dagger.
You feel sick.
Your adder skeleton bites the goblin.
Your kobold skeleton completely misses the frilled lizard.
The frilled lizard closely misses you.
The goblin hits your adder skeleton with a +0 dagger.
You see here a +1 dagger of venom.
i - a +1 dagger of venom Your adder skeleton barely misses the goblin.
The rat bites you.
* * * LOW HITPOINT WARNING * * *
The frilled lizard bites you.
* * * LOW HITPOINT WARNING * * *
Your kobold skeleton hits the frilled lizard but does no damage.
You barely miss the rat.
Your adder skeleton bites the rat.
The rat dies!
The frilled lizard bites you.
* * * LOW HITPOINT WARNING * * *
The goblin hits you with a +0 dagger.
You die...

.#.. ?.... ...## #.##. ....#...
.##...# ##.#.. #....#.#
r..##.###..... #..#.#.#
....#..#.....#
.#......####...........
#######.....#.............#.###
##.....##.....[................#
##a......#.....g>Z......>.%.....#
.....<.........l@...##...........
#.♣....r♣.......Z....#........<..
#.....l..........................
##..♣.♣........##..#.#...........
##..g............##........$..).
##...##..#...##........####....
..# ...... #.....%... ..... ....
.#.# #.......... .....
#........##......


You could see a goblin, a frilled lizard, a friendly adder skeleton and a
friendly kobold skeleton.

Vanquished Creatures
  An adder (D:2)
  2 goblins (D:1)
  2 hobgoblins (D:1)
  A jackal (D:1)
  3 kobolds
  A bat (D:2)
  2 frilled lizards
  A rat (D:2)
13 creatures vanquished.

Vanquished Creatures (collateral kills)
  A goblin (D:2)
  A hobgoblin (D:2)
  A jackal (D:1)
  A rat (D:2)
4 creatures vanquished.

Grand Total: 17 creatures vanquished

Notes
Turn   | Place    | Note
-------+----------+-------------------------------------------
     0 | D:1      | Wilfredo the Vampire Necromancer began the quest for the
                  | Orb.
     0 | D:1      | Reached XP level 1. HP: 13/13 MP: 3/3
   226 | D:1      | Learned a level 1 spell: Animate Skeleton
   826 | D:1      | Reached XP level 2. HP: 13/19 MP: 1/5
  1446 | D:2      | Slain by a goblin

Action                   || total
-------------------------++-------
Melee: Dagger            ||    43
       Mace              ||    11
       Unarmed           ||     6
       Bite              ||     2
 Cast: Pain              ||     5
       Animate Skeleton  ||     3
  Use: Potion            ||     2
 Stab: Sleeping          ||     1
Armor: Robe              ||     9
Dodge: Dodged            ||    53
